 Dungeon Crawl Stone Soup version 0.27.1-2-g3b301248ec (webtiles) character file.

Game seed: 4272936160436395398

412 cummra the Digger (level 6, -6/32 HPs)
             Began as a Gargoyle Earth Elementalist on Sept 29, 2021.
             Mangled by Pikel (8 damage)
             ... on level 3 of the Dungeon.
             The game lasted 00:16:56 (4124 turns).

cummra the Digger (Gargoyle Earth Elementalist)     Turns: 4124, Time: 00:16:57

Health: -6/32      AC:  7    Str: 11    XL:     6   Next: 90%
Magic:  13/13      EV: 11    Int: 18    God:
Gold:   49         SH:  0    Dex: 10    Spells: 10/14 levels left

rFire    . . .     SeeInvis .   f - +0 flail
rCold    . . .     Faith    .   (no shield)
rNeg     + . .     Spirit   .   b - +0 robe
rPois    ∞         Reflect  .   (no helmet)
rElec    +         Harm     .   (no cloak)
rCorr    .         Rampage  .   l - +0 pair of gloves
Will     .....                  (no boots)
Stlth    ++........             (no amulet)
HPRegen  0.10/turn              (no ring)
MPRegen  0.13/turn              (no ring)

@: no status effects
A: sickness immunity, AC +4, negative energy resistance 1, electricity
resistance, torment resistance 1, petrification resistance
a: no special abilities


You were on level 3 of the Dungeon.
You visited 1 branch of the dungeon, and saw 6 of its levels.

You collected 49 gold pieces.

Inventory:

Hand Weapons
 f - a +0 flail (weapon)
Missiles
 c - 33 stones
Armour
 b - a +0 robe (worn)
 l - a +0 pair of gloves (worn)
 m - a +0 buckler
Jewellery
 j - a ring of resist corrosion
Scrolls
 a - a scroll of blinking {unknown}
 d - 3 scrolls of identify
 e - a scroll of holy word {unknown}
 n - a scroll of summoning {unknown}
 o - 2 scrolls of amnesia {unknown}
 q - a scroll of torment {unknown}
Potions
 g - 2 potions of degeneration {unknown}
 h - 2 potions of might {unknown}
 i - 3 potions of lignification
 k - 4 potions of brilliance {unknown}
 p - a potion of curing {unknown}


   Skills:
 - Level 1.5 Dodging
 - Level 2.1 Stealth
 + Level 4.7 Spellcasting
 + Level 1.4 Conjurations
 - Level 0.7 Transmutations
 + Level 6.7 Earth Magic


You had 10 spell levels left.
You knew the following spells:

 Your Spells              Type           Power      Damage    Failure   Level
a - Sandblast             Erth           56%        2d13      1%          1
b - Stone Arrow           Conj/Erth      36%        3d9       8%          3

Your spell library contained the following spells:

 Spells                   Type           Power      Damage    Failure   Level
 Passwall                 Tmut/Erth      14%        N/A       4%          2
 Dazzling Flash           Conj/Hex       12%        N/A       30%         3
 Petrify                  Tmut/Erth      17%        N/A       30%         4
 Iskenderun's Mystic Bla  Conj/Tloc      6%         2d4       71%         4
 Starburst                Conj/Fire      3%         6d3       100%        6


Dungeon Overview and Level Annotations

Branches:
Dungeon (6/15)
 Temple: D:4-7

Altars:
Kikubaaqudgha

Shops:
D:3 ?

Annotations:
D:3 Pikel
D:6 3 runed translucent doors, Rickety's ghost, novice GnVM


Innate Abilities, Weirdness & Mutations

You are immune to sickness and miasma.
Your stone body is resilient. (AC +4)
You are immune to poison.
You resist negative energy. (rN+)
You are resistant to electric shocks. (rElec)
You are resistant to unholy torment.
You are immune to petrification.


Message History

Casting: Sandblast (safe; 1% risk of failure)
Confirm with . or Enter, or press ? or * to list all spells.
Aiming: Sandblast (safe; 1% risk of failure)
Press: ? - help, Shift-Dir - straight line, f - lemure
Aim: a lemure (heavily wounded, 76% to hit)
The blast of sand hits Pikel but does no damage.
Pikel is moderately wounded.
Pikel hits you with a +2 whip of freezing.
Pikel freezes you.
Pikel hits you with a +2 whip of freezing.
Pikel freezes you. Pikel waves his whip at you. Pikel waves his whip at you.
There is an open door here.
Pikel says, "You'll make a fine lemure."
Found a leather armour.
There is a stone staircase leading up here.
Pikel hits you with a +2 whip of freezing!
* * * LOW HITPOINT WARNING * * *
Pikel freezes you.
* * * LOW HITPOINT WARNING * * *
You climb upwards.
There is a stone staircase leading down here.
Pikel barely misses you.
There is a stone staircase leading down here.
There is a stone staircase leading down here.
Okay, then.
There is a stone staircase leading down here.
There is a stone staircase leading down here.
There is a stone staircase leading down here.
There is a stone staircase leading down here.
Pikel hits you with a +2 whip of freezing!
* * * LOW HITPOINT WARNING * * *
Pikel freezes you.
* * * LOW HITPOINT WARNING * * *
As you read the scroll labelled KEMUDUH LAJI, it crumbles to dust.
It is a scroll of identify.
i - 3 potions of lignification Pikel hits you with a +2 whip of freezing!
You die...

### ##.## ###...######
##########..........#
#..........#..K.###.##
#.#######..##.#@#....##
#.# #....>#.#...#.# #.#
##>####.#....## #.#
#.####.##..## ##.#
####......##.## #..#
#......#####.# #.####
#......# #.# .....#
#..(...# #.# #.##.#
#......# ##.#####


You could see Pikel.

Vanquished Creatures
  An ogre (D:2)
  2 lemures (D:4)
  A phantom (D:3)
  A wyvern skeleton (D:6)
  An iguana (D:4)
  A hound skeleton (D:4)
  2 adders
  4 gnolls
  An ufetubus (D:4)
  An adder skeleton (D:2)
  2 worms (D:2)
  2 dart slugs
  7 orcs
  6 endoplasms
  2 giant cockroaches
  8 goblins
  10 hobgoblins
  4 jackals (D:2)
  6 kobolds
  2 quokkas (D:4)
  8 ball pythons
  7 bats
  2 frilled lizards
  5 rats
86 creatures vanquished.

Notes
Turn   | Place    | Note
-------+----------+-------------------------------------------
     0 | D:1      | cummra the Gargoyle Earth Elementalist began the quest for
                  | the Orb.
     0 | D:1      | Reached XP level 1. HP: 10/10 MP: 3/3
   288 | D:1      | Reached skill level 4 in Earth Magic
   288 | D:1      | Reached XP level 2. HP: 11/15 MP: 5/5
   753 | D:1      | Reached XP level 3. HP: 10/19 MP: 1/7
  1075 | D:1      | Found a faded altar of an unknown god.
  1201 | D:2      | Noticed an ogre
  1410 | D:2      | Reached XP level 4. HP: 24/24 MP: 3/8
  1717 | D:2      | Reached skill level 5 in Earth Magic
  1803 | D:2      | Killed an ogre
  1804 | D:2      | Reached XP level 5. HP: 28/28 MP: 4/10
  2650 | D:3      | Found Rirghump's Magic Scroll Shop.
  2760 | D:3      | Noticed a phantom
  2766 | D:3      | Killed a phantom
  2767 | D:3      | Reached skill level 6 in Earth Magic
  2767 | D:3      | Reached XP level 6. HP: 24/32 MP: 7/12
  3040 | D:3      | Learned a level 3 spell: Stone Arrow
  3339 | D:4      | Noticed a necrophage
  3339 | D:4      | You fall into a shaft and drop 2 floors!
  3387 | D:6      | Reached skill level 1 in Conjurations
  3455 | D:6      | Identified the +1 hunting sling "Rialequf" {freeze, Dex+2}
  3486 | D:6      | Noticed a water moccasin
  3508 | D:6      | Found a runed translucent gate.
  3516 | D:6      | Noticed Rickety's ghost (novice GnVM)
  3517 | D:6      | Found a runed translucent gate.
  3517 | D:6      | Found a runed translucent gate.
  3517 | D:6      | Noticed an acid dragon
  3524 | D:5      | Entered Level 5 of the Dungeon
  3924 | D:4      | Noticed Pikel
  3926 | D:4      | Found an ancient bone altar of Kikubaaqudgha.
  4121 | D:3      | HP: 1/32 [Pikel (4)]
  4124 | D:3      | Mangled by Pikel

Illustrated notes

Levels and vault maps discovered:
D:1:      dpeg_arrival_rooms_with_view, layout_loops_ring,
          dreamdust_ecumenical_altar_statues
D:2:      layout_basic, minmay_pentomino_r2
D:3:      layout_loops_cross, serial_shops, nicolae_shop_behind_doors
D:4:      minmay_skewed_foursquare, layout_basic, gammafunk_temple_of_torment,
          minmay_overflow_temple_star_quad, uniq_pikel
D:5:      layout_rooms, grunt_ministairs_7, minivault_23, grunt_tough_drop,
          uniq_menkaure
D:6:      layout_loops_ring, temple_doors_e, gammafunk_ghost_split,
          chequers_ossuary_entry_cave, serial_shops,
          nicolae_shop_overgrown_old_shop, minmay_misc_feat_diagonals,
          minmay_ogre_servants

Skill      XL: |  1  2  3  4  5  6 |
---------------+-------------------+-----
Earth Magic    | 4 5 6 |  6.7
Spellcasting   | 3 4 |  4.7
Conjurations   | 1 |  1.4
Dodging        | |  1.5
Stealth        | |  2.1
Transmutations | |  0.7

Action                   |  1- 3 |  4- 6 || total
-------------------------+-------+-------++-------
Melee: Unarmed           |    30 |       ||    30
       Dagger            |    12 |       ||    12
       Whip              |    17 |     2 ||    19
       Flail             |       |   120 ||   120
 Cast: Sandblast         |    26 |    61 ||    87
  Use: Scroll            |       |     1 ||     1
 Stab: Sleeping          |     3 |     2 ||     5
Armor: Robe              |    26 |    80 ||   106
Dodge: Dodged            |    40 |    93 ||   133
